 Dungeon Crawl Stone Soup version bcrawl-1.29.2 (console) character file.

Game seed: 4279738476774391359

335182 GodsVoicemail the Thaumaturge (level 12, -16/51 HPs)
             Began as a Spriggan Enchanter on Mar 3, 2021.
             Was a High Priest of Kikubaaqudgha.
             Killed from afar by Psyche (26 damage)
             ... with a poison arrow
             ... on level 10 of the Dungeon on Mar 4, 2021.
             The game lasted 01:47:49 (13953 turns).

GodsVoicemail the Thaumaturge (Spriggan Enchanter) Turns: 13953, Time: 01:47:50

Health: -16/51     AC:  6    Str:  4    XL:     12   Next: 2%
Magic:  5/29       EV: 28    Int: 20    God:    Kikubaaqudgha [*****.]
Gold:   652        SH:  6    Dex: 18    Spells: 5/35 levels left

rFire    . . .     SeeInvis +   b - +5 short sword (freeze)
rCold    . . .     Gourm    .   (shield restricted)
rNeg     . . .     Faith    .   z - +1 steam dragon scales
rPois    .         Spirit   .   (helmet restricted)
rElec    .         Reflect  +   (no cloak)
rCorr    .         Harm     .   (gloves unavailable)
MR       ++...                  (boots unavailable)
Stlth    ++++......             q - +6 amulet of reflection
HPRegen  0.17/turn              (no ring)
MPRegen  0.21/turn              (no ring)

@: lethally poisoned (-16 -> -40), very quick
A: very small, unfitting armour, see invisible, herbivore, speed 3, slow
metabolism 2
a: Receive Corpses, Torment, Renounce Religion


You were on level 10 of the Dungeon.
You worshipped Kikubaaqudgha.
Kikubaaqudgha was extremely pleased with you.
You were hungry.

You visited 2 branches of the dungeon, and saw 12 of its levels.

You collected 682 gold pieces.
You spent 30 gold pieces at shops.

Inventory:

Hand Weapons
 a - a +0 blowgun
 b - a +5 short sword of freezing (weapon)
 r - a +0 hunting sling
Missiles
 f - a throwing net {=f}
 j - 1407 stones
 n - 338 poisoned needles
 o - 541 arrows
 x - 50 poisoned tomahawks (quivered)
Armour
 z - +1 steam dragon scales (worn)
Jewellery
 q - a +6 amulet of reflection (around neck)
Wands
 g - a wand of iceblast (13)
 s - a wand of scattershot (4)
 y - a wand of flame (22)
 A - a wand of acid (5)
 B - a wand of random effects (3)
 E - a wand of disintegration (7)
 F - a wand of polymorph (7)
 J - a wand of paralysis (4)
Scrolls
 d - 2 scrolls of fog
 i - 4 scrolls of identify
 k - 4 scrolls of remove curse
 p - 4 scrolls of teleportation
 K - 2 scrolls of amnesia
Potions
 c - 5 potions of lignification
 h - 4 potions of curing
 l - a potion of degeneration {unknown}
 m - 3 potions of brilliance
 t - 2 potions of flight
 u - a potion of haste {unknown}
 v - a potion of cancellation {unknown}
 w - a potion of agility {unknown}
 C - a potion of mutation {unknown}
Comestibles
 e - 13 rations {!d}


   Skills:
 - Level 10.0 Short Blades
 - Level 4.0 Throwing
 + Level 11.6 Dodging
 - Level 7.9 Stealth
 + Level 12.4 Spellcasting
 - Level 8.6 Hexes
 * Level 7.0 Necromancy
 - Level 2.0 Transmutations
 - Level 4.0 Evocations


You had 5 spell levels left.
You knew the following spells:

 Your Spells              Type           Power        Failure   Level  Hunger
a - Pain                  Necr           #####.       1%          1    None
b - Ensorcelled Hibernat  Hex/Ice        ####..       1%          2    None
c - Confuse               Hex            #####...     1%          3    None
d - Tukima's Dance        Hex            #####...     1%          3    None
e - Apportation           Tloc           ##....       5%          1    None
f - Summon Butterflies    Summ           ##......     5%          1    None
g - Passwall              Tmut/Erth      ###.....     5%          2    None
h - Animate Skeleton      Necr           N/A          1%          1    None
i - Vampiric Draining     Necr           #####.....   1%          3    None
j - Cause Fear            Hex            #####.....   1%          4    None
k - Agony                 Necr           #####...     3%          4    None
l - Dispel Undead         Necr           #####...     9%          5    ##.....

Your spell library contained the following spells:

 Spells                   Type           Power        Failure   Level  Hunger
 Corona                   Hex            #####..      1%          1    None
 Slow                     Hex            #####...     1%          1    None
 Corpse Rot               Necr           N/A          1%          2    None
 Beastly Appendage        Tmut           ###...       2%          1    None
 Dazzling Orbs            Conj/Hex       ####...      2%          3    None
 Sticks to Snakes         Tmut           ###.....     3%          2    None
 Throw Frost              Conj/Ice       ##....       3%          2    None
 Animate Dead             Necr           N/A          3%          4    None
 Freeze                   Ice            ##....       5%          1    None
 Infusion                 Chrm           ##......     5%          1    None
 Sandblast                Erth           ##....       5%          1    None
 Summon Small Mammal      Summ           ##..         5%          1    None
 Spider Form              Tmut/Pois      ###          11%         3    None
 Ozocubu's Armour         Chrm/Ice       ##......     16%         3    None
 Ice Form                 Ice/Tmut       ###.....     34%         4    None
 Bolt of Draining         Conj/Necr      ####......   34%         5    ##.....
 Summon Ice Beast         Ice/Summ       ##......     47%         4    None
 Summon Scorpions         Summ/Pois      ##......     47%         4    None
 Throw Icicle             Conj/Ice       ##......     47%         4    None
 Blade Hands              Tmut           ###.......   54%         5    ##.....
 Summon Demon             Summ           ##........   83%         5    ##.....
 Summon Forest            Summ/Tloc      ##........   83%         5    ##.....
 Death Channel            Chrm/Necr      ####......   89%         6    ####...


Dungeon Overview and Level Annotations

Branches:
Dungeon (11/12)            Temple (1/1) D:4            Lair (0/6) D:9
    Orc (0/1) D:10
 Vaults: D:11-12

Altars:
Ashenzari
Cheibriados
Dithmenos
Elyvilon
Fedhas
Gozag
Hepliaklqana
Kikubaaqudgha
Lugonu
Makhleb
Nemelex Xobeh
Okawaru
Qazlal
Ru
Sif Muna
Trog
Uskayaw
Vehumet
Wu Jian
Xom
Yredelemnul
Zin
The Shining One

Shops:
D:7 !   D:8 *%?[   D:10 [*}(

Annotations:
D:1 exclusions: hobgoblin and kobold
D:10 exclusion: downstairs, Psyche
D:11 exclusion: acid dragon


Innate Abilities, Weirdness & Mutations

You are very small and have problems with some larger weapons.
You are too small for most types of armour.
You have supernaturally acute eyesight. (SInv)
You are a herbivore.
You cover ground extremely quickly.
You need to consume almost no food.


Message History

Psyche resists with almost no effort.
Psyche points at you and mumbles some strange words.
You are poisoned.
The poison arrow hits you!!
* * * LOW HITPOINT WARNING * * *
Psyche completely misses you.
Casting: Confuse (safe; 1% risk of failure)
Confirm with . or Enter, or press ? or * to list all spells.
Aiming: Confuse (safe; 1% risk of failure)
Press: ? - help, Shift-Dir - straight line, f/p - Psyche
Aim: Psyche, wearing a +2 robe of magic resistance (severely wounded, fast, poisoned, deflecting missiles, chance to defeat MR: 21%) Psyche resists with almost no effort.
* * * LOW HITPOINT WARNING * * *
You feel sick. Psyche gestures at you while chanting.
You are lethally poisoned!
The poison arrow hits you!!
Ouch! That really hurt!
You die...
Kikubaaqudgha rasps: "You have failed me!
Welcome... death!"

....#...........# #.......#####
....############# #.###.....#
....# #.......#.# ....#
###############..####.#.#
....###........).......####.#.###
....'.).#############.>..........
...[###.#...........#....#.#.####
....# #.')..........#.#.......###
#.[## ###......@@...#......<.....
##.# #...#####.[.######'##.##.
#.# #...# #..[........#.##. #.##
#...# #...........#.##. #[.#
#...# #[..........#.##.
##.#####...# #########.).#.##%
#.#.......# #.).#.##. #.#.......#
#...#.##Z #)#.......# #...#.##.


You could see Psyche.

Vanquished Creatures
  Snorg (D:10)
  Harold (D:10)
  Erolcha (D:10)
  Erica (D:10)
  A death knight (D:10)
  A two-headed ogre (D:8)
  Sonja (D:11)
  2 ugly things (D:10)
  A wolf spider (D:10)
  2 slime creatures (D:9)
  A gargoyle (D:10)
  4 trolls
  A hornet (D:8)
  4 hippogriffs
  A wyvern (D:9)
  6 yaks
  A steam dragon (D:5)
  3 hungry ghosts
  Grum (D:10)
  Edmund (D:6)
  Menkaure (D:6)
  4 crocodiles
  3 sky beasts
  A soldier ant (D:10)
  2 black bears
  2 orc warriors
  A swamp drake (D:9)
  2 ice beasts
  6 ogres
  4 phantoms
  2 centaurs
  3 wolves (D:10)
  4 bullfrogs
  Blork the orc (D:4)
  A big kobold (D:9)
  A gnoll sergeant (D:6)
  A water moccasin zombie (D:8)
  2 scorpions
  4 killer bees (D:8)
  2 troll zombies (D:10)
  10 wights
  3 crimson imps
  4 centaur zombies
  3 jellies
  A bullfrog skeleton (D:6)
  6 orc priests
  2 hounds (D:8)
  4 orc wizards
  3 centaur skeletons
  An iguana (D:5)
  4 worker ants
  5 ogre zombies (D:10)
  3 hound zombies
  11 gnolls
  4 adders
  3 shadow imps
  4 oozes (D:9)
  An adder zombie (D:5)
  An adder skeleton (D:7)
  3 worms
  5 leopard geckos
  26 orcs
  3 bats (D:2)
  2 giant cockroaches
  7 goblins
  9 hobgoblins
  6 jackals
  14 kobolds
  A quokka (D:3)
  3 frilled lizards
  A goblin zombie (D:10)
  6 hobgoblin zombies (D:10)
  2 jackal zombies
  2 orc skeletons (D:10)
  13 orc zombies (D:10)
  7 rats
265 creatures vanquished.

Vanquished Creatures (collateral kills)
  A slime creature (D:9)
  A killer bee (D:8)
  A jelly (D:9)
  An ogre zombie (D:10)
  An ooze (D:9)
  An orc (D:10)
  2 orc skeletons (D:10)
  An orc zombie (D:10)
9 creatures vanquished.

Vanquished Creatures (others)
  A dancing weapon (D:10)
  A troll (D:8)
  2 ogres (D:8)
  A big kobold (D:8)
  A wight (D:8)
  A crimson imp (D:8)
  An orc priest (D:8)
  A bullfrog skeleton (D:8)
  A quokka (D:8)
10 creatures vanquished.

Grand Total: 284 creatures vanquished

Notes
Turn   | Place    | Note
-------+----------+-------------------------------------------
     0 | D:1      | GodsVoicemail the Spriggan Enchanter began the quest for
                  | the Orb.
     0 | D:1      | Reached XP level 1. HP: 9/9 MP: 5/5
   305 | D:1      | Reached XP level 2. HP: 8/13 MP: 6/6
   424 | D:1      | Learned a level 2 spell: Ensorcelled Hibernation
   869 | D:1      | Reached XP level 3. HP: 14/16 MP: 2/8
  1389 | D:2      | Learned a level 3 spell: Confuse
  2188 | D:3      | Noticed a sky beast
  2194 | D:3      | Killed a sky beast
  2195 | D:3      | Reached skill level 5 in Short Blades
  2195 | D:3      | Reached skill level 3 in Spellcasting
  2195 | D:3      | Reached XP level 4. HP: 11/21 MP: 6/10
  2195 | D:3      | Reached XP level 5. HP: 13/24 MP: 6/11
  3136 | D:3      | Noticed an ogre
  3223 | D:3      | Killed an ogre
  3224 | D:3      | Reached skill level 4 in Spellcasting
  3224 | D:3      | Reached XP level 6. HP: 28/28 MP: 7/13
  3385 | D:3      | Found a shimmering blue altar of Sif Muna.
  3737 | D:4      | Reached skill level 5 in Hexes
  3768 | D:4      | Noticed Blork the orc
  3786 | D:4      | Killed Blork the orc
  3787 | D:4      | Reached XP level 7. HP: 22/32 MP: 11/14
  3913 | D:4      | Learned a level 3 spell: Tukima's Dance
  3915 | D:4      | Learned a level 1 spell: Apportation
  3917 | D:4      | Learned a level 1 spell: Summon Butterflies
  4086 | D:4      | Learned a level 2 spell: Passwall
  4482 | D:4      | Found a staircase to the Ecumenical Temple.
  4491 | Temple   | Entered the Ecumenical Temple
  4676 | Temple   | Became a worshipper of Kikubaaqudgha
  4761 | D:5      | Entered Level 5 of the Dungeon
  4876 | D:5      | Noticed a steam dragon
  4940 | D:5      | Reached skill level 5 in Spellcasting
  5168 | D:5      | Killed a steam dragon
  5169 | D:5      | Reached XP level 8. HP: 36/36 MP: 11/17
  5685 | D:5      | Reached skill level 6 in Spellcasting
  5874 | D:5      | Reached * piety under Kikubaaqudgha
  5874 | D:5      | Identified Kikubaaqudgha's Tome of Stolen Souls
                  | (Kikubaaqudgha gifted it to you on level 5 of the Dungeon)
  5874 | D:5      | Received a gift from Kikubaaqudgha
  5878 | D:5      | Learned a level 1 spell: Pain
  6007 | D:6      | Noticed a hippogriff
  6033 | D:6      | Killed a hippogriff
  6078 | D:6      | Noticed Menkaure
  6492 | D:5      | Reached skill level 10 in Short Blades
  6528 | D:5      | Reached skill level 5 in Stealth
  6732 | D:6      | Killed Menkaure
  6733 | D:6      | Reached skill level 7 in Spellcasting
  6778 | D:6      | Noticed Edmund
  6795 | D:6      | Killed Edmund
  6796 | D:6      | Reached XP level 9. HP: 39/39 MP: 9/20
  7096 | D:6      | Learned a level 3 spell: Vampiric Draining
  7384 | D:7      | Found Coihexkod's Distillery.
  7386 | D:7      | Reached skill level 8 in Spellcasting
  7538 | D:7      | Bought a potion of curing for 30 gold pieces
  7623 | D:7      | Found a blossoming altar of Fedhas.
  7769 | D:7      | Noticed a troll
  7945 | D:7      | Reached ** piety under Kikubaaqudgha
  7946 | D:7      | Reached skill level 1 in Necromancy
  7946 | D:7      | Reached skill level 1 in Evocations
  8016 | D:7      | Killed a troll
  8178 | D:7      | Learned a level 1 spell: Animate Skeleton
  8183 | D:7      | Learned a level 4 spell: Cause Fear
  8222 | D:8      | Killed a troll
  8234 | D:8      | Noticed a two-headed ogre
  8253 | D:8      | Killed a two-headed ogre
  8379 | D:8      | Found a shimmering altar of Xom.
  8396 | D:8      | Reached skill level 5 in Dodging
  8396 | D:8      | Reached skill level 9 in Spellcasting
  8419 | D:8      | Found Ottu Osu's General Store.
  8447 | D:8      | Reached XP level 10. HP: 44/44 MP: 8/24
  8516 | D:8      | Found Ephued's Food Boutique.
  8594 | D:8      | Found Pinerchu's Armour Emporium.
  8725 | D:8      | Found a basalt altar of Yredelemnul.
  8830 | D:8      | Found Qefain's Magic Scroll Emporium.
  9397 | D:9      | Reached skill level 1 in Throwing
  9448 | D:9      | Reached skill level 5 in Necromancy
  9879 | D:9      | Reached *** piety under Kikubaaqudgha
  9879 | D:9      | Identified Kikubaaqudgha's Compendium of Stolen Souls
                  | (Kikubaaqudgha gifted it to you on level 9 of the Dungeon)
  9879 | D:9      | Received a gift from Kikubaaqudgha
 10202 | D:9      | Found a staircase to the Lair.
 10260 | D:9      | Reached skill level 10 in Spellcasting
 10417 | D:9      | Reached skill level 1 in Transmutations
 10663 | D:9      | Found a shadowy altar of Dithmenos.
 10915 | D:9      | Reached XP level 11. HP: 47/47 MP: 26/26
 11213 | D:10     | Entered Level 10 of the Dungeon
 11341 | D:10     | Learned a level 4 spell: Agony
 11357 | D:10     | Noticed a wolf spider
 11357 | D:10     | Noticed Harold
 11401 | D:10     | Noticed a green ugly thing
 11499 | D:10     | Killed a wolf spider
 11523 | D:10     | Noticed a brown ugly thing
 11555 | D:10     | Killed a green ugly thing
 11573 | D:10     | Killed a brown ugly thing
 11656 | D:10     | Found Naakaar's Armour Boutique.
 11704 | D:10     | Reached skill level 11 in Spellcasting
 11714 | D:10     | Learned a level 5 spell: Dispel Undead
 11719 | D:10     | Reached **** piety under Kikubaaqudgha
 11870 | D:10     | Found Nuovisk's Assorted Antiques.
 11896 | D:10     | Killed Harold
 12085 | D:10     | Reached skill level 10 in Dodging
 12247 | D:10     | Noticed Snorg
 12306 | D:10     | Noticed Grum
 12415 | D:10     | Noticed Psyche
 12526 | D:10     | Found a staircase to the Orcish Mines.
 12712 | D:10     | Reached ***** piety under Kikubaaqudgha
 12805 | D:10     | Killed Snorg
 12806 | D:10     | Reached skill level 12 in Spellcasting
 12952 | D:10     | Identified the Papyrus of the Entourage
 12957 | D:10     | Noticed a death knight
 13003 | D:10     | Killed a death knight
 13135 | D:10     | Found Ziurghoext's Gadget Boutique.
 13175 | D:10     | Noticed Erica
 13180 | D:10     | Killed Erica
 13222 | D:10     | Found Fuit's Weapon Shop.
 13361 | D:10     | Noticed Erolcha
 13375 | D:10     | Killed Erolcha
 13624 | D:11     | Noticed a centaur warrior
 13624 | D:11     | Noticed a tengu warrior
 13624 | D:11     | Noticed Sonja
 13625 | D:11     | Killed Sonja
 13691 | D:10     | Reached XP level 12. HP: 51/51 MP: 26/29
 13694 | D:10     | Killed Grum
 13953 | D:10     | Killed from afar by Psyche

Skill      XL: |  1  2  3  4  5  6  7  8  9 10 11 12 |
---------------+-------------------------------------+-----
Short Blades   | 2 3 5 6 7 8 10 | 10.0
Spellcasting   | 3 4 5 7 9 10 12 | 12.4
Hexes          | 4 5 6 7 8 |  8.6
Stealth        | 6 7 |  7.9
Necromancy     | 3 6 7 |  7.0
Evocations     | 2 3 4 |  4.0
Dodging        | 5 8 11 | 11.6
Throwing       | 3 4 |  4.0
Transmutations | 2 |  2.0

Action                   |  1- 3 |  4- 6 |  7- 9 | 10-12 || total
-------------------------+-------+-------+-------+-------++-------
Melee: Dagger            |    80 |    53 |   138 |       ||   271
       Short sword       |       |       |    91 |   367 ||   458
Throw: Stone             |       |       |     1 |     1 ||     2
       Tomahawk          |       |       |       |     2 ||     2
 Cast: Ensorcelled Hiber |    31 |    24 |    39 |    43 ||   137
       Confuse           |     1 |     7 |    76 |   144 ||   228
       Corona            |       |       |     1 |       ||     1
       Pain              |       |       |     6 |    26 ||    32
       Animate Skeleton  |       |       |       |    21 ||    21
       Summon Butterflie |       |       |       |     5 ||     5
       Agony             |       |       |       |    10 ||    10
       Tukima's Dance    |       |       |       |     3 ||     3
       Dispel Undead     |       |       |       |     2 ||     2
       Passwall          |       |       |       |     1 ||     1
Evoke: Wand              |       |       |     1 |     2 ||     3
  Use: Scroll            |       |       |     7 |     5 ||    12
       Potion            |       |       |       |    12 ||    12
 Stab: Sleeping          |    24 |    16 |    31 |    29 ||   100
       Confused          |       |     7 |    52 |    69 ||   128
       Distracted        |       |       |       |     1 ||     1
  Eat: Ration            |       |     1 |     3 |     3 ||     7
Armor: Robe              |     2 |     4 |     1 |       ||     7
       Steam dragon scal |       |       |     5 |     9 ||    14
Dodge: Dodged            |    43 |    24 |   101 |   149 ||   317
Block: Other             |       |       |    14 |    37 ||    51
       Reflection        |       |       |     1 |     9 ||    10
